 Dungeon Crawl Stone Soup version 0.28.0-53-g5a82cb258f (webtiles) character file.

Game seed: 13597008996820845540

272 SanguineChosen the Chopper (level 6, -6/56 HPs)
             Began as a Minotaur Berserker on July 31, 2022.
             Was a Priest of Trog.
             Mangled by Duvessa
             ... wielding a +0 rapier
              (10 damage)
             ... on level 4 of the Dungeon.
             The game lasted 00:08:33 (3200 turns).

SanguineChosen the Chopper (Minotaur Berserker)     Turns: 3200, Time: 00:08:36

Health: -6/56      AC:  9    Str: 24    XL:     6   Next: 2%
Magic:  5/5        EV:  9    Int:  4    God:    Trog [***...]
Gold:   207        SH:  0    Dex: 13    Spells: 5/5 levels left

rFire   . . .      SeeInvis .   k - +0 war axe
rCold   . . .      Faith    .   (no shield)
rNeg    . . .      Spirit   .   n - +0 chain mail
rPois   .          Reflect  .   (helmet restricted)
rElec   .          Harm     .   (no cloak)
rCorr   .          Rampage  .   (no gloves)
Will    .....                   (no boots)
Stlth   ..........              i - amulet "Rusenol" {RegenMP Dex+4}
HPRegen 0.18/turn               d - ring of flight
MPRegen 0.49/turn               (no ring)

@: mighty, flying
A: horns 2, retaliatory headbutt
a: Renounce Religion, Berserk, Trog's Hand


You were on level 4 of the Dungeon.
You worshipped Trog.
Trog was most pleased with you.
You visited 1 branch of the dungeon, and saw 4 of its levels.

You collected 207 gold pieces.

Inventory:

Hand Weapons
 a - a +0 hand axe
 k - a +0 war axe (weapon)
Armour
 n - a +0 chain mail (worn)
Jewellery
 d - a ring of flight (left hand)
 i - the amulet "Rusenol" (around neck) {RegenMP Dex+4}
   (You took it off a goblin on level 2 of the Dungeon)

   [amulet of magic regeneration]

   It increases your rate of magic regeneration.
   Dex:       It affects your dexterity (+4).
Scrolls
 j - a scroll of fog {unknown}
Potions
 e - a potion of might
 f - a potion of curing {unknown}
 h - a potion of heal wounds {unknown}
 l - a potion of attraction {unknown}


   Skills:
 + Level 5.1 Fighting
 + Level 6.1 Axes
 + Level 3.5 Armour
 + Level 3.1 Dodging
 - Level 0.4 Stealth


You had 5 spell levels left.
You didn't know any spells.
Your spell library was empty.

Dungeon Overview and Level Annotations

Branches:
Dungeon (4/15)
 Temple: D:4-7

Altars:

Annotations:
D:4 Dowan, Duvessa


Innate Abilities, Weirdness & Mutations

You have a pair of horns on your head.
You reflexively headbutt those who attack you in melee.


Message History

The slug dart hits you but does no damage.
Duvessa says, "Where magic fails, the sword succeeds!"
Duvessa hits you but does no damage.
Dowan gestures wildly while chanting.
Dowan blinks!
You barely miss Duvessa. Duvessa hits you with a +0 rapier.
You closely miss Duvessa. You headbutt Duvessa.
Duvessa is lightly wounded.
Duvessa hits you with a +0 rapier!
You hit Duvessa.
Duvessa is lightly wounded.
Duvessa hits you with a +0 rapier!
You barely miss Duvessa. You headbutt Duvessa.
Duvessa is lightly wounded.
Duvessa hits you with a +0 rapier.
You slash Duvessa!
Duvessa is moderately wounded.
Duvessa hits you with a +0 rapier.
Dowan casts a spell at Duvessa.
Duvessa seems to speed up.
Duvessa barely misses you.
You barely miss Duvessa. Your headbutt misses Duvessa.
Duvessa is moderately wounded.
Duvessa hits you with a +0 rapier!
You feel very mighty all of a sudden. Duvessa hits you with a +0 rapier!
* * * LOW HITPOINT WARNING * * *
Duvessa misses you.
You barely miss Duvessa.
Duvessa is moderately wounded.
You slash the dart slug!
Duvessa gestures with her weapon.
The dart slug closely misses you. You furiously retaliate!
You headbutt the dart slug!
You kill the dart slug!
Trog accepts your kill.
Dowan points at you and mumbles some strange words.
The puff of flame hits you.
* * * LOW HITPOINT WARNING * * *
Duvessa hits you with a +0 rapier!
You die...

.... #..........#
.....
##..........#
#.....
#...........#
.....
#...........#
#....
...........###..#
...............#
#.e......##
#†.#####§.# #e@#
#..# #$.# #..#
#..# #e.# #..#
##.## ...# ##...#
....# #....#
....# #....#
####.. #.....#
......##...


You could see Duvessa (fast) and Dowan.

Vanquished Creatures
  An ogre (D:4)
  An orc priest (D:2)
  7 adders
  A worm (D:4)
  2 dart slugs
  6 orcs (D:2)
  8 bats
  6 endoplasms
  3 giant cockroaches
  8 goblins
  4 hobgoblins
  11 jackals (D:1)
  5 quokkas
  8 ball pythons
  2 frilled lizards (D:1)
  2 rats (D:1)
75 creatures vanquished.

Notes
Turn   | Place    | Note
-------+----------+-------------------------------------------
     0 | D:1      | SanguineChosen the Minotaur Berserker began the quest for
                  | the Orb.
     0 | D:1      | Reached XP level 1. HP: 19/19 MP: 0/0
   193 | D:1      | Reached XP level 2. HP: 27/27 MP: 1/1
   330 | D:1      | Reached skill level 4 in Axes
   678 | D:1      | Reached XP level 3. HP: 28/33 MP: 2/2
   757 | D:1      | Reached ** piety under Trog
   856 | D:1      | Found a faded altar of an unknown god.
  1535 | D:2      | Reached XP level 4. HP: 41/41 MP: 3/3
  1548 | D:2      | Identified the amulet "Rusenol" {RegenMP Dex+4}
  1653 | D:2      | Reached skill level 5 in Axes
  2264 | D:3      | Reached XP level 5. HP: 45/47 MP: 4/4
  3005 | D:4      | Noticed an ogre
  3015 | D:3      | Reached *** piety under Trog
  3022 | D:4      | Killed an ogre
  3023 | D:4      | Reached skill level 5 in Fighting
  3023 | D:4      | Reached skill level 6 in Axes
  3129 | D:4      | Reached XP level 6. HP: 55/56 MP: 5/5
  3174 | D:4      | Noticed Duvessa
  3174 | D:4      | Noticed Dowan
  3200 | D:4      | Mangled by Duvessa

Illustrated notes

Levels and vault maps discovered:
D:1:      saegor_arrival_simple_b, layout_basic,
          chequers_ecumenical_altar_twisty, minmay_misc_feat_x
D:2:      cheibrodos_pilgrimage, layout_rooms
D:3:      layout_loops_ring
D:4:      layout_cave_pods, uniq_eustachio, uniq_duvessa

Skill      XL: |  1  2  3  4  5 |
---------------+----------------+-----
Fighting       | 4 5 |  5.1
Axes           | 4 5 6 |  6.1
Dodging        | 3 |  3.1
Armour         | 3 |  3.5
Stealth        | |  0.4

Action                   |  1- 3 |  4- 6 || total
-------------------------+-------+-------++-------
Melee: Hand axe          |    98 |    16 ||   114
       Headbutt          |    13 |    10 ||    23
       War axe           |       |    52 ||    52
  Use: Scroll            |     1 |     3 ||     4
       Potion            |       |     1 ||     1
Armor: Animal skin       |    17 |       ||    17
       Ring mail         |     4 |    12 ||    16
       Scale mail        |       |     5 ||     5
       Chain mail        |       |     5 ||     5
Dodge: Dodged            |    76 |    43 ||   119
